 Dungeon Crawl Stone Soup version 0.29.1-15-g9cfb28693d (webtiles) character file.

Game seed: 4864113496761676928

354 Wiggles the Cleaver (level 6, 0/56 HPs)
             Began as a Minotaur Berserker on Mar 28, 2023.
             Was a Believer of Trog.
             Slain by a killer bee (4 damage)
             ... on level 4 of the Dungeon.
             The game lasted 00:05:36 (3774 turns).

Wiggles the Cleaver (Minotaur Berserker)            Turns: 3774, Time: 00:05:36

Health: 0/56       AC:  9    Str: 30    XL:     6   Next: 35%
Magic:  4/4        EV:  9    Int:  4    God:    Trog [**....]
Gold:   183        SH:  0    Dex:  9    Spells: 5/5 levels left

rFire   + . .      SeeInvis .   a - +0 hand axe
rCold   + . .      Faith    .   (no shield)
rNeg    + . .      Spirit   .   n - +0 chain mail
rPois   +          Reflect  .   (helmet unavailable)
rElec   +          Harm     .   q - +0 cloak
rCorr   +          Rampage  .   (no gloves)
Will    .....      Rage     3%  (no boots)
Stlth   ..........              (no amulet)
HPRegen 0.18/turn               f - ring of positive energy
MPRegen 0.09/turn               s - +6 ring of strength

@: confused, brilliant, lethally poisoned (0 -> -3), resistant, ambrosia-drunk,
flying
A: horns 3, retaliatory headbutt, berserk 1, low MP 1, robust 1
a: Renounce Religion, Berserk, Trog's Hand


You were on level 4 of the Dungeon.
You worshipped Trog.
Trog was pleased with you.
You visited 1 branch of the dungeon, and saw 4 of its levels.

You collected 183 gold pieces.

Inventory:

Hand Weapons
 a - a +0 hand axe (weapon)
Armour
 n - a +0 chain mail (worn)
 q - a +0 cloak (worn)
Jewellery
 f - a ring of positive energy (left hand)
 s - a +6 ring of strength (right hand)
Scrolls
 e - a scroll of enchant weapon {unknown}
 g - 2 scrolls of magic mapping {unknown}
 h - 4 scrolls of teleportation {unknown}
 i - 4 scrolls of identify {unknown}
 l - a scroll of poison {unknown}
 o - a scroll of amnesia {unknown}
Potions
 b - 2 potions of mutation
 d - a potion of flight
 m - a potion of lignification {unknown}
 p - a potion of magic {unknown}
 r - a potion of might {unknown}


   Skills:
 - Level 3.6 Fighting
 + Level 8.4 Axes
 - Level 2.4 Armour
 - Level 2.1 Dodging
 + Level 1.2 Stealth


You had 5 spell levels left.
You didn't know any spells.
Your spell library was empty.

Dungeon Overview and Level Annotations

Branches:
Dungeon (4/15)             Temple (0/1) D:4

Altars:

Shops:
D:1 =(=?(


Innate Abilities, Weirdness & Mutations

You have a pair of large horns on your head.
You reflexively headbutt those who attack you in melee.
You sometimes lose your temper in combat.
Your magical capacity is low. (-10% MP)
You are robust. (+10% HP)


Message History

The killer bee closely misses you.
It was a potion of mutation.
You feel extremely strange.
You feel less energetic. The horns on your head grow some more.
You feel a little pissed off.
You feel robust.
You feel very sick. The killer bee barely misses you.
The killer bee stings you!
It was a potion of flight.
You feel very buoyant.
You fly up into the air.
You feel sick. The killer bee closely misses you. The killer bee stings you.
* * * LOW HITPOINT WARNING * * *
The killer bee stings you.
* * * LOW HITPOINT WARNING * * *
It was a potion of resistance.
You feel protected.
* * * LOW HITPOINT WARNING * * *
You feel sick.
The killer bee stings you but does no damage.
The killer bee stings you.
* * * LOW HITPOINT WARNING * * *
The killer bee barely misses you. The killer bee closely misses you.
You furiously retaliate!
You headbutt the killer bee!
You kill the killer bee!
Trog accepts your kill.
It was a potion of brilliance.
You feel clever all of a sudden.
* * * LOW HITPOINT WARNING * * *
You feel sick.
The killer bee stings you but does no damage.
The killer bee stings you.
* * * LOW HITPOINT WARNING * * *
The killer bee stings you but does no damage.
The killer bee stings you.
* * * LOW HITPOINT WARNING * * *
It was a potion of ambrosia.
You are confused.
You feel invigorated.
* * * LOW HITPOINT WARNING * * *
You feel sick. The killer bee stings you.
You die...

...#..# .# #
..#.... #.#. #
#..... #... ##
..... ##... ##.
.... .....####.#
#yy## #.........>##
#yy####..####....##
#@##....# ##.....#
#.......###†(.....
###..#..##.†###..#
#.##.....## ##(.
#.###....# #.#
#..#.[...# #..
#....##..# #.#
#...####..# #..
#..## #### ##.


You could see 4 killer bees.

Vanquished Creatures
  A necrophage (D:4)
  A killer bee (D:4)
  Crazy Yiuf (D:2)
  An iguana (D:4)
  2 orc wizards (D:4)
  8 adders
  A worm (D:2)
  3 dart slugs
  An orc (D:4)
  6 bats
  2 endoplasms
  4 giant cockroaches
  8 goblins
  6 hobgoblins
  4 jackals (D:2)
  6 kobolds
  5 quokkas
  6 ball pythons
  A frilled lizard (D:1)
  4 rats
71 creatures vanquished.

Notes
Turn   | Place    | Note
-------+----------+-------------------------------------------
     0 | D:1      | Wiggles the Minotaur Berserker began the quest for the Orb.
     0 | D:1      | Reached XP level 1. HP: 19/19 MP: 0/0
    22 | D:1      | Found Iraydolere's Weapon Boutique.
    33 | D:1      | Found Jakh's Jewellery Shoppe.
    40 | D:1      | Found a faded altar of an unknown god.
    46 | D:1      | Reached skill level 4 in Axes
   242 | D:1      | Reached XP level 2. HP: 26/26 MP: 1/1
   268 | D:1      | Found Noiqix's Jewellery Shop.
   563 | D:1      | Found Nitoat's Weapon Shop.
   581 | D:1      | Found Negedih's Magic Scroll Boutique.
  1156 | D:2      | Reached skill level 5 in Axes
  1223 | D:2      | Reached XP level 3. HP: 31/31 MP: 2/2
  1592 | D:2      | Reached XP level 4. HP: 32/39 MP: 3/3
  1733 | D:2      | Reached skill level 6 in Axes
  2272 | D:2      | Found a runed translucent door.
  2273 | D:2      | Noticed Crazy Yiuf
  2280 | D:2      | Killed Crazy Yiuf
  2436 | D:3      | Reached ** piety under Trog
  2567 | D:3      | Reached XP level 5. HP: 45/45 MP: 4/4
  2904 | D:3      | Reached skill level 7 in Axes
  3406 | D:4      | Reached skill level 1 in Stealth
  3412 | D:4      | Reached skill level 8 in Axes
  3412 | D:4      | Reached XP level 6. HP: 33/51 MP: 5/5
  3458 | D:4      | Found a staircase to the Ecumenical Temple.
  3770 | D:4      | Gained mutation: Your magical capacity is low. (-10% MP)
                  | [potion of mutation]
  3770 | D:4      | Gained mutation: You have a pair of large horns on your
                  | head. [potion of mutation]
  3770 | D:4      | Gained mutation: You sometimes lose your temper in combat.
                  | [potion of mutation]
  3770 | D:4      | Gained mutation: You are robust. (+10% HP) [potion of
                  | mutation]
  3773 | D:4      | HP: 2/56 [killer bee (1)]
  3774 | D:4      | Slain by a killer bee

Illustrated notes

Levels and vault maps discovered:
D:1:      ncdulo_watergridlock, layout_loops_ring,
          ebering_ecumenical_altar_abandoned, serial_shops, nicolae_shop_stone,
          nicolae_shop_crystal, shop, nicolae_shop_waterfront, shop,
          minmay_misc_feat_tiny, hangedman_decor_slide_cut
D:2:      layout_loops_corners, minmay_misc_feat_doors,
          kennysheep_generic_room_12, uniq_crazy_yiuf_cottage
D:3:      layout_loops_corners, nrook_mini_vaults
D:4:      layout_layer_cave, minmay_temple_entry_ruins,
          hangedman_decor_opposing, nicolae_shop_sticking_my_neck_out,
          uniq_natasha

Skill      XL: |  1  2  3  4  5 |
---------------+----------------+-----
Axes           | 4 5 6 8 |  8.4
Stealth        | 1 |  1.2
Fighting       | |  3.6
Armour         | |  2.4
Dodging        | |  2.1

Action                   |  1- 3 |  4- 6 || total
-------------------------+-------+-------++-------
Melee: Hand axe          |    77 |   120 ||   197
       Headbutt          |     8 |    23 ||    31
       Punch             |     1 |       ||     1
Invok: Berserk           |       |     1 ||     1
  Use: Potion            |       |     5 ||     5
Armor: Animal skin       |    14 |       ||    14
       Ring mail         |     5 |    24 ||    29
       Scale mail        |       |    21 ||    21
       Chain mail        |       |    16 ||    16
Dodge: Dodged            |    42 |    68 ||   110
